 Dungeon Crawl Stone Soup version 0.21-a0-552-g593960d (webtiles) character file.

49 tidbits the Insei (level 3, -2/28 HPs)
             Began as a Gnoll Transmuter on Dec 17, 2017.
             Slain by a worker ant (4 damage)
             ... on level 6 of the Dungeon.
             The game lasted 00:02:13 (291 turns).

tidbits the Insei (Gnoll Transmuter)                 Turns: 291, Time: 00:02:14

Health: -2/28      AC:  2    Str: 12    XL:     3   Next: 75%
Magic:  2/9        EV: 14    Int: 16    God:
Gold:   56         SH:  0    Dex: 15    Spells: 9/12 levels left

rFire    . . .     SeeInvis .     - Unarmed
rCold    . . .     Gourm    .   (no shield)
rNeg     . . .     Faith    .   b - +0 robe
rPois    .         Spirit   .   (no helmet)
rElec    .         Reflect  .   (no cloak)
rCorr    .         Harm     .   (no gloves)
MR       +....                  (no boots)
Stlth    ++........             (no amulet)
HPRegen  0.09/turn              l - ring of protection from magic
MPRegen  0.11/turn              (no ring)

@: appendage, very slightly contaminated
A: distributed training, fangs 1, horns 2, strong nose
a: End Transformation


You were on level 6 of the Dungeon.
You were not hungry.
You had grown temporary horns.
You visited 1 branch of the dungeon, and saw 6 of its levels.

You collected 56 gold pieces.

Inventory:

Hand Weapons
 i - a +0 dagger
Missiles
 a - 9 arrows
 j - 37 stones (quivered)
 k - 24 bolts
Armour
 b - a +0 robe (worn)
Jewellery
 l - a ring of protection from magic (left hand)
   (You found it on level 3 of the Dungeon)
Scrolls
 g - 2 scrolls of identify {unknown}
Potions
 e - a potion of lignification {unknown}
 h - 2 potions of haste {unknown}
Books
 c - a book of Changes

   Spells                             Type                      Level
   a - Beastly Appendage              Transmutation                1
   b - Sticks to Snakes               Transmutation                2
   c - Spider Form                    Transmutation/Poison         3
   d - Ice Form                       Ice/Transmutation            4
   e - Blade Hands                    Transmutation                5
Comestibles
 d - a bread ration
 f - 4 meat rations


   Skills:
 + Level 2.6 Fighting
 + Level 0.9 Short Blades
 + Level 0.9 Long Blades
 + Level 0.9 Axes
 + Level 0.9 Maces & Flails
 + Level 0.9 Polearms
 + Level 0.9 Staves
 + Level 0.9 Slings
 + Level 0.9 Bows
 + Level 0.9 Crossbows
 + Level 0.9 Throwing
 + Level 0.9 Armour
 + Level 4.5 Dodging
 + Level 0.9 Stealth
 + Level 0.9 Shields
 + Level 6.5 Unarmed Combat
 + Level 5.0 Spellcasting
 + Level 0.6 Conjurations
 + Level 0.6 Hexes
 + Level 0.6 Charms
 + Level 0.6 Summonings
 + Level 0.6 Necromancy
 + Level 0.6 Translocations
 + Level 3.8 Transmutations
 + Level 0.6 Fire Magic
 + Level 0.6 Ice Magic
 + Level 0.6 Air Magic
 + Level 0.6 Earth Magic
 + Level 0.6 Poison Magic
 + Level 1.0 Invocations
 + Level 0.9 Evocations


You had 9 spell levels left.
You knew the following spells:

 Your Spells              Type           Power        Failure   Level  Hunger
e - Beastly Appendage     Tmut           ###...       3%          1    None
k - Sticks to Snakes      Tmut           ###.....     4%          2    #......


Dungeon Overview and Level Annotations

Branches:
Dungeon (6/15)
 Temple: D:4-7

Altars:


Innate Abilities, Weirdness & Mutations

Your experience applies equally to all skills.
You have very sharp teeth.
Your uncanny sense of smell can sniff out nearby items.
You have a pair of horns on your head.


Message History

Your talons disappear.
You punch the ball python!
You kill the ball python!
You now have 45 gold pieces (gained 7).
Found 15 stones.
f - 4 meat rations (gained 1)
j - 37 stones (gained 15)
Found a notched ruby ring.
Found 24 bolts.
You see here 24 bolts.
k - 24 bolts
Found a bubbling sapphire potion.
Found a stone staircase leading down.
l - a notched ruby ring Put on which piece of jewellery? (? for menu, Esc to quit)
l - a ring of protection from magic (left hand)
Found an escape hatch in the ceiling.
h - 2 bubbling sapphire potions (gained 1)
There is a stone staircase leading down here.
You climb downwards.
Found a scroll labeled EWEFIM MIAB and 11 gold pieces.
There is a stone staircase leading up here.
Found a stone staircase leading down.
g - 2 scrolls labeled EWEFIM MIAB (gained 1)
You now have 56 gold pieces (gained 11).
A necrophage comes into view.
There is a stone staircase leading down here.
You climb downwards.
You hear the sound of rushing water.
There is an entrance to a sewer on this level.
Hurry and find it before the portal rusts away!
Found a bread ration.
Found a stone staircase leading down.
There is a stone staircase leading up here.
There is a stone staircase leading down here.
You climb downwards.
A hound comes into view.
There is a stone staircase leading up here.
The hound barks!
Casting: Beastly Appendage
Confirm with . or Enter, or press ? or * to list all spells.
You create a snake!
You now have 10 arrows.
The hound closely misses your ball python.
The hound bites your ball python.
Your ball python bites the hound but does no damage.
Your ball python barely misses the hound.
The hound bites your ball python.
Your ball python dies!
Found a scroll labeled JUOWKO JIMAO.
A worker ant comes into view.
The worker ant twitches its antennae in your direction.
The hound bites you.
Casting: Sticks to Snakes
Confirm with . or Enter, or press ? or * to list all spells.
You miscast Sticks to Snakes.
You are very lightly contaminated with residual magic.
Nothing appears to happen.
The hound bites you.
The worker ant waves its antennae.
Casting: Sticks to Snakes
Confirm with . or Enter, or press ? or * to list all spells.
You grow a pair of large bovine horns.
The hound misses you. The worker ant bites you. The hound closely misses you.
Casting: Beastly Appendage
Confirm with . or Enter, or press ? or * to list all spells.
You create a snake!
You now have 9 arrows.
The worker ant closely misses you. The hound closely misses you.
You barely miss the hound. Your bite misses the hound.
The hound barely misses you. The worker ant misses you.
You completely miss the hound. Your headbutt misses the hound.
The hound misses you.
Your ball python closely misses the hound. x2
The worker ant closely misses you. The hound bites you.
* * * LOW HITPOINT WARNING * * *
You hit the hound. Your punch misses the hound.
The hound is moderately wounded.
Your ball python bites the hound but does no damage.
Your ball python barely misses the hound.
The worker ant misses you. The hound barely misses you.
You hit the hound. Your headbutt misses the hound.
The hound is moderately wounded.
Your ball python barely misses the hound.
Your ball python grabs the hound.
Your ball python constricts the hound.
The hound barely misses you. The worker ant barely misses you.
You punch the hound! Your bite misses the hound.
The hound is severely wounded.
The hound bites you.
* * * LOW HITPOINT WARNING * * *
Your ball python bites the hound.
Your ball python constricts the hound.
The worker ant barely misses you.
You hit the hound.
You kill the hound!
Your Spellcasting skill increases to level 5!
Your Invocations skill increases to level 1!
You have reached level 3!
Your experience leads to an increase in your attributes!
Increase (S)trength, (I)ntelligence, or (D)exterity?
You feel clever. The worker ant bites you.
* * * LOW HITPOINT WARNING * * *
You punch the worker ant! Your headbutt misses the worker ant.
The worker ant is severely wounded.
The worker ant bites you.
You die...

#..# ......# #..#
..#...# #..#
......# ∆ ∆ #..# ∆
......# ∆∆∆ #..#
......###∆ ∆ #..# ∆
........### #a.#
......# #.######@S#
...<..###........##
..........########
......#####
........ ########.#
#


You could see a worker ant and a friendly ball python.

Vanquished Creatures
  A hound (D:6)
  An ooze (D:1)
  A worm (D:2)
  3 goblins
  A hobgoblin (D:1)
  3 kobolds
  A ball python (D:3)
  2 bats (D:1)
  2 rats
15 creatures vanquished.

Notes
Turn   | Place    | Note
-------+----------+-------------------------------------------
     0 | D:1      | tidbits the Gnoll Transmuter began the quest for the Orb.
     0 | D:1      | Reached XP level 1. HP: 17/17 MP: 6/6
    27 | D:1      | Reached XP level 2. HP: 19/23 MP: 5/7
    37 | D:1      | Learned a level 2 spell: Sticks to Snakes
   257 | D:4      | Noticed a necrophage
   262 | D:5      | Entered Level 5 of the Dungeon
   290 | D:6      | Reached skill level 5 in Spellcasting
   290 | D:6      | Reached skill level 1 in Invocations
   290 | D:6      | Reached XP level 3. HP: 6/28 MP: 1/9
   290 | D:6      | HP: 2/28 [worker ant (4)]
   291 | D:6      | Slain by a worker ant

Vault maps used:
D:1:      saegor_arrival_simple_e
D:2:      hangedman_feature_mirror,
          nicolae_gozag_cash_rules_everything_around_me
D:4:      serial_shops, shop
D:5:      lightli_sewer_entry_pipes, first_bread, lemuel_statue_altar
D:6:      kennysheep_windowed_halls, minmay_temple_entry_large_hall,
          serial_shops, nicolae_shop_temple_entry_statues_fountains,
          uniq_menkaure

Skill      XL: |  1  2 |
---------------+-------+-----
Spellcasting   | 5 |  5.0
Invocations    | 1 |  1.0
Fighting       | |  2.6
Short Blades   | |  0.9
Long Blades    | |  0.9
Axes           | |  0.9
Maces & Flails | |  0.9
Polearms       | |  0.9
Staves         | |  0.9
Slings         | |  0.9
Bows           | |  0.9
Crossbows      | |  0.9
Throwing       | |  0.9
Armour         | |  0.9
Dodging        | |  4.5
Stealth        | |  0.9
Shields        | |  0.9
Unarmed Combat | |  6.5
Conjurations   | |  0.6
Hexes          | |  0.6
Charms         | |  0.6
Summonings     | |  0.6
Necromancy     | |  0.6
Translocations | |  0.6
Transmutations | |  3.8
Fire Magic     | |  0.6
Ice Magic      | |  0.6
Air Magic      | |  0.6
Earth Magic    | |  0.6
Poison Magic   | |  0.6
Evocations     | |  0.9

Action                   || total
-------------------------++-------
Melee: Unarmed           ||    32
       Headbutt          ||     2
       Kick              ||     2
       Bite              ||     2
 Cast: Beastly Appendage ||     6
       Sticks to Snakes  ||     3
Armor: Robe              ||     2
Dodge: Dodged            ||    22

Table legend:
 A = Spawn XP
 B = Non-spawn XP
 C = Spawn XP percentage of total XP
 D = Spawn monster count
 E = Non-spawn monster count
 F = Spawn count percentage of total count
 G = Total turns spent on level
                    A         B        C        D         E        F      G
               +---------+---------+-------+---------+---------+-------+---------
         Total |       0 |      70 |   0.0 |       0 |      15 |   0.0 |   291
               +---------+---------+-------+---------+---------+-------+---------
           D:1 |       0 |      17 |   0.0 |       0 |       7 |   0.0 |    87
           D:2 |       0 |       8 |   0.0 |       0 |       3 |   0.0 |    93
           D:3 |       0 |       6 |   0.0 |       0 |       4 |   0.0 |    68
           D:6 |       0 |      39 |   0.0 |       0 |       1 |   0.0 |    26
               +---------+---------+-------+---------+---------+-------+---------

Table legend:
 A = Turns spent in this place as a percentage of turns spent in the entire game.
 B = Non-inter-level travel turns spent in this place as a percentage of non-inter-level travel turns spent in the entire game.
 C = Inter-level travel turns spent in this place as a percentage of turns spent in this place.
 D = Turns resting spent in this place as a percentage of non-inter-level travel turns spent in this place.
 E = Turns spent auto-exploring this place as a percentage of non-inter-level travel turns spent in this place.
 F = Non-inter-level travel turns spent in this place divided by the number of levels of this place that you've seen.
                   A       B       C       D       E      F
               +-------+-------+-------+-------+-------+----------------------
         Total | 100.0 | 100.0 |   0.0 |   0.0 |   0.0 |  48.5
       Dungeon | 100.0 | 100.0 |   0.0 |   0.0 |   0.0 |  48.5
               +-------+-------+-------+-------+-------+----------------------

Table legend:
 A = Kills in this place as a percentage of kills in entire the game.
 B = Kills by you in this place as a percentage of kills by you in the entire game.
 C = Kills by friends in this place as a percentage of kills by friends in the entire game.
 D = Other kills in this place as a percentage of other kills in the entire game.
 E = Experience gained in this place as a percentage of experience gained in the entire game.
 F = Experience gained in this place divided by the number of levels of this place that you have seen.
                   A       B       C       D       E      F
               +-------+-------+-------+-------+-------+----------------------
         Total | 100.0 | 100.0 |   N/A |   N/A | 100.0 |  11.7
       Dungeon | 100.0 | 100.0 |   N/A |   N/A | 100.0 |  11.7
               +-------+-------+-------+-------+-------+----------------------

Vault maps used:
D:1:      saegor_arrival_simple_e
D:2:      hangedman_feature_mirror,
          nicolae_gozag_cash_rules_everything_around_me
D:4:      serial_shops, shop
D:5:      lightli_sewer_entry_pipes, first_bread, lemuel_statue_altar
D:6:      kennysheep_windowed_halls, minmay_temple_entry_large_hall,
          serial_shops, nicolae_shop_temple_entry_statues_fountains,
          uniq_menkaure
